 Dungeon Crawl Stone Soup version 0.28-a0-1435-g82390b3a13 (webtiles) character file.

Game seed: 1726867691064157588

393 njo the Chopper (level 6, 0/56 HPs)
             Began as a Hill Orc Fighter on Jan 8, 2022.
             Was an Initiate of Beogh.
             Killed from afar by an acid dragon (16 damage)
             ... with a splash of acid
             ... on level 5 of the Dungeon on Jan 9, 2022.
             The game lasted 00:46:40 (5149 turns).

njo the Chopper (Hill Orc Fighter)                  Turns: 5149, Time: 00:46:41

Health: 0/56       AC:  9    Str: 27    XL:     6   Next: 81%
Magic:  6/6        EV:  9    Int:  8    God:    Beogh [......]
Gold:   264        SH:  4    Dex: 10    Spells: 5/5 levels left

rFire   . . .      SeeInvis .   a - +0 war axe
rCold   + . .      Faith    .   c - +0 buckler
rNeg    . . .      Spirit   .   b - +0 scale mail
rPois   .          Reflect  .   g - +0 helmet
rElec   .          Harm     .   l - scarf {shadows}
rCorr   .          Rampage  .   (no gloves)
Will    .....                   y - +0 pair of boots
Stlth   ..........              (no amulet)
HPRegen 0.18/turn               q - ring of protection from cold
MPRegen 0.10/turn               s - +6 ring of strength

@: mighty
A: no striking features
a: Renounce Religion


You were on level 5 of the Dungeon.
You worshipped Beogh.
Beogh was noncommittal.
You visited 1 branch of the dungeon, and saw 5 of its levels.

You collected 264 gold pieces.

Inventory:

Hand Weapons
 a - a +0 war axe (weapon)
 f - a +0 spear of freezing
 o - a +0 hand axe
Missiles
 v - 93 stones (quivered)
 x - 34 arrows
Armour
 b - a +0 scale mail (worn)
 c - a +0 buckler (worn)
 g - a +0 helmet (worn)
 l - a scarf of shadows (worn)
 r - an orb of guile
 u - the +0 ring mail "Sumeku" {rElec rPois rN+}
   (You found it on level 4 of the Dungeon)

   rElec:     It insulates you from electricity.
   rPois:     It protects you from poison.
   rN:        It protects you from negative energy.
 y - a +0 pair of boots (worn)
 C - the +1 robe of Indecent Exposure {Dex+2}
   (You found it on level 4 of the Dungeon)

   Dex:       It affects your dexterity (+2).
Magical Staves
 h - a staff of poison
Jewellery
 q - a ring of protection from cold (left hand)
 s - a +6 ring of strength (right hand)
 F - a ring of poison resistance
Wands
 B - a wand of polymorph (5)
Scrolls
 d - a scroll of enchant armour {unknown}
 e - 2 scrolls of blinking {unknown}
 j - a scroll of summoning {unknown}
 k - a scroll of brand weapon {unknown}
 n - a scroll of amnesia {unknown}
 p - 3 scrolls of immolation {unknown}
 t - 4 scrolls of identify {unknown}
 w - a scroll of teleportation {unknown}
Potions
 m - a potion of lignification {unknown}
 z - a potion of ambrosia {unknown}
 A - 2 potions of flight {unknown}
 D - a potion of curing {unknown}
 E - a potion of brilliance {unknown}


   Skills:
 * Level 5.1 Fighting
 + Level 5.7 Axes
 * Level 5.0 Armour
 + Level 0.4 Dodging
 + Level 0.3 Stealth
 * Level 4.4 Shields


You had 5 spell levels left.
You didn't know any spells.
Your spell library contained the following spells:

 Spells                   Type           Power      Damage    Failure   Level
 Sandblast                Erth           0%         2d4       77%         1
 Passwall                 Tmut/Erth      0%         N/A       88%         2
 Stone Arrow              Conj/Erth      0%         3d7       98%         3


Dungeon Overview and Level Annotations

Branches:
Dungeon (5/15)
 Temple: D:4-7

Altars:
Fedhas
Gozag
Makhleb
Nemelex Xobeh
Sif Muna
Xom

Shops:
D:2 [!*([


Message History

The acid dragon closely misses you.
You closely miss the acid dragon.
The acid dragon is lightly wounded.
The acid dragon bites you.
The acid dragon claws you but does no damage.
The acid dragon bites you but does no damage.
You block the acid dragon's attack.
You barely miss the acid dragon.
The acid dragon is lightly wounded.
The acid dragon bites you but does no damage.
The acid dragon claws you.
You slash the acid dragon!
The acid dragon is heavily wounded.
You block the acid dragon's attack.
The acid dragon claws you but does no damage.
You closely miss the acid dragon.
The acid dragon is heavily wounded.
The acid dragon barely misses you.
The acid dragon claws you but does no damage.
You closely miss the acid dragon.
The acid dragon is heavily wounded.
You block the acid dragon's attack. The acid dragon misses you.
The acid dragon spits acid at you. The splash of acid hits you!!
You barely miss the acid dragon.
The acid dragon is heavily wounded.
The acid dragon bites you! The acid dragon completely misses you.
You barely miss the acid dragon.
The acid dragon is heavily wounded.
The acid dragon bites you!
* * * LOW HITPOINT WARNING * * *
The acid dragon claws you but does no damage.
You feel very mighty all of a sudden.
The acid dragon bites you but does no damage.
You block the acid dragon's attack.
You closely miss the acid dragon.
The acid dragon is heavily wounded.
The acid dragon spits acid at you. The splash of acid hits you!
You die...

...# ..########## ...##
#..# ....###..#
##...#...# ##.....#
##...## ## # ###..##
#..#### .# ##...##
#.....# ... ....## #@#
.... ..### #D##oo... ###
#oo.oo... # #.##o.... #
#####.# .... # #.....###
... # ### ##......# .#
#######.# ######.# #
........##########.###...


You could see an acid dragon (catching breath) and 2 orcs.

Vanquished Creatures
  Menkaure (D:5)
  A jelly (D:4)
  A hound (D:4)
  2 iguanas (D:4)
  4 gnolls (D:5)
  An adder (D:2)
  2 shadow imps (D:5)
  2 worms (D:3)
  3 dart slugs
  3 orcs (D:3)
  3 ball pythons
  5 bats
  9 endoplasms
  A giant cockroach (D:4)
  6 goblins
  14 hobgoblins
  4 jackals (D:2)
  3 quokkas
  2 frilled lizards (D:2)
  10 kobolds
  6 rats
  4 bushes (D:2)
87 creatures vanquished.

Vanquished Creatures (others)
  21 plants
  12 withered plants (D:1)
33 creatures vanquished.

Grand Total: 120 creatures vanquished

Notes
Turn   | Place    | Note
-------+----------+-------------------------------------------
     0 | D:1      | njo the Hill Orc Fighter began the quest for the Orb.
     0 | D:1      | Reached XP level 1. HP: 19/19 MP: 1/1
   138 | D:1      | Reached XP level 2. HP: 22/27 MP: 2/2
   794 | D:1      | Found a faded altar of an unknown god.
  1061 | D:1      | Upgraded the game from 0.28-a0-1429-gf3d713df7a to
                  | 0.28-a0-1435-g82390b3a13
  1173 | D:2      | Found Meedaas's Antique Armour Emporium.
  1344 | D:2      | Reached XP level 3. HP: 17/33 MP: 3/3
  1632 | D:2      | Found Rumaug's Antique Weapon Boutique.
  1642 | D:2      | Found Ituewum's Assorted Antiques.
  1681 | D:2      | Found Bizuhail's Distillery.
  1796 | D:2      | Found Fiat's Antique Armour Emporium.
  2385 | D:2      | Reached XP level 4. HP: 40/40 MP: 4/4
  3723 | D:4      | Reached XP level 5. HP: 18/47 MP: 5/5
  3723 | D:4      | Identified the +0 ring mail "Sumeku" {rElec rPois rN+}
  3977 | D:4      | Found a burning altar of Makhleb.
  3977 | D:4      | Found a shimmering altar of Xom.
  3978 | D:4      | Found a shimmering blue altar of Sif Muna.
  3989 | D:4      | Found a blossoming altar of Fedhas.
  3994 | D:4      | Found an opulent altar of Gozag.
  3998 | D:4      | Found a sparkling altar of Nemelex Xobeh.
  4182 | D:4      | Identified the +1 robe of Indecent Exposure {Dex+2}
  4709 | D:5      | Entered Level 5 of the Dungeon
  4718 | D:5      | Reached skill level 5 in Axes
  4718 | D:5      | Reached XP level 6. HP: 37/53 MP: 6/6
  5068 | D:5      | Became a worshipper of Beogh the Brigand
  5099 | D:5      | Noticed Menkaure
  5106 | D:5      | Killed Menkaure
  5107 | D:5      | Reached skill level 5 in Fighting
  5107 | D:5      | Reached skill level 5 in Armour
  5135 | D:5      | Noticed an acid dragon
  5149 | D:5      | Killed from afar by an acid dragon

Illustrated notes

Levels and vault maps discovered:
D:1:      eino_arrival_cavern_b, layout_basic,
          shapermc_ecumenical_altar_flowoftime
D:2:      layout_loops_ring, serial_shops, shop,
          nicolae_shop_overgrown_old_shop, nicolae_shop_behind_doors,
          shop_fountains, shop, lexackson_kobold_supper
D:3:      layout_loops_corners
D:4:      layout_cave_pools, minmay_overflow_temple_hex,
          nicolae_ossuary_entry_false_entrances
D:5:      layout_loops_ring, minmay_misc_feat_room, nicolae_sextant,
          uniq_edmund, uniq_menkaure

Skill      XL: |  1  2  3  4  5  6 |
---------------+-------------------+-----
Fighting       | 4 5 |  5.1
Axes           | 3 4 5 |  5.7
Armour         | 4 5 |  5.0
Shields        | 4 |  4.4
Dodging        | |  0.4
Stealth        | |  0.3

Action                   |  1- 3 |  4- 6 || total
-------------------------+-------+-------++-------
Melee: War axe           |   116 |   273 ||   389
       Spear             |     6 |       ||     6
Invok: Convert to Beogh  |       |     1 ||     1
  Use: Potion            |     1 |     1 ||     2
Armor: Scale mail        |    65 |    65 ||   130
Dodge: Dodged            |    58 |    76 ||   134
Block: Buckler           |    32 |    32 ||    64

Table legend: (Time is in decaauts)
 A = Elapsed time spent in this place.
 B = Non-inter-level travel time spent in this place.
 C = Inter-level travel time spent in this place.
 D = Time resting spent in this place.
 E = Time spent auto-exploring this place.
 F = Levels seen in this place.
 G = Mean time per level.
                   A        B        C        D        E       F      G
               +--------+--------+--------+--------+--------+-----+--------+
         Total |   5296 |   5292 |      4 |    866 |    994 |   5 | 1059.2 |
       Dungeon |   5296 |   5292 |      4 |    866 |    994 |   5 | 1059.2 |
               +--------+--------+--------+--------+--------+-----+--------+

Top non-repeatable levels by time:
     D:2: 1627 daAuts
     D:1: 1206 daAuts
     D:4: 1019 daAuts
     D:3: 992 daAuts
     D:5: 450 daAuts
